 Dungeon Crawl Stone Soup version 0.25.1-8-g42b30a86e7 (webtiles) character file.

Game seed: 1373995943132521361

65 Clowwww the Skirmisher (level 3, -2/30 HPs)
             Began as a Demonspawn Abyssal Knight on Dec 19, 2020.
             Was a Follower of Lugonu.
             Killed by nerve-wracking pain
             ... invoked by an orc priest
              (9 damage)
             ... on level 3 of the Dungeon.
             The game lasted 00:05:10 (2353 turns).

Clowwww the Skirmisher (Demonspawn Abyssal Knight)  Turns: 2353, Time: 00:05:11

Health: -2/30      AC:  5    Str: 13    XL:     3   Next: 92%
Magic:  5/5        EV: 11    Int: 13    God:    Lugonu [*.....]
Gold:   74         SH:  0    Dex: 18    Spells: 2/2 levels left

rFire    . . .     SeeInvis .   a - +1 hand axe
rCold    . . .     Gourm    .   (no shield)
rNeg     . . .     Faith    .   b - +0 leather armour
rPois    .         Spirit   .   h - +0 helmet
rElec    .         Reflect  .   (no cloak)
rCorr    .         Harm     .   (no gloves)
MR       .....                  n - +0 pair of boots
Stlth    +.........             (no amulet)
HPRegen  0.10/turn              d - +6 ring of dexterity
MPRegen  0.09/turn              (no ring)

@: no status effects
A: rot immunity
a: Depart the Abyss, Renounce Religion


You were on level 3 of the Dungeon.
You worshipped Lugonu.
Lugonu was aware of your devotion.
You were not hungry.

You visited 1 branch of the dungeon, and saw 3 of its levels.
You visited the Abyss 1 time.

You collected 74 gold pieces.

Inventory:

Hand Weapons
 a - a +1 hand axe (weapon)
Armour
 b - a +0 leather armour (worn)
 h - a +0 helmet (worn)
 n - a +0 pair of boots (worn)
Jewellery
 d - a +6 ring of dexterity (left hand)
Scrolls
 e - a scroll of blinking {unknown}
 j - 7 scrolls of identify {unknown}
 l - 2 scrolls of remove curse {unknown}
 q - a scroll of teleportation {unknown}
 r - a scroll of magic mapping {unknown}
 t - a scroll of fear {unknown}
 u - a scroll of enchant weapon {unknown}
 v - a scroll of fog {unknown}
Potions
 f - 4 potions of curing {unknown}
 g - a potion of stabbing {unknown}
 i - a potion of berserk rage {unknown}
 k - 2 potions of degeneration {unknown}
 m - 2 potions of haste {unknown}
 o - a potion of flight {unknown}
 p - a potion of brilliance {unknown}
 s - a potion of lignification {unknown}
Comestibles
 c - 7 rations
 w - a chunk of flesh


   Skills:
 + Level 3.7 Fighting
 + Level 2.6 Axes
 + Level 2.1 Armour
 + Level 1.1 Dodging
 + Level 0.3 Stealth
 + Level 2.7 Invocations


You had 2 spell levels left.
You didn't know any spells.
Your spell library was empty.

Dungeon Overview and Level Annotations

Branches:
Dungeon (3/15)

Altars:
Wu Jian


Innate Abilities, Weirdness & Mutations

You are immune to rotting.


Message History

An orc comes into view. It is wielding a +0 dire flail.
You hit the orc priest but do no damage.
The orc priest calls down the wrath of Beogh upon you.
Beogh smites you!
The orc moves out of view.
Okay, then.
You hit the orc priest.
The orc priest is moderately wounded.
The orc priest mumbles some strange prayers to Beogh against you.
You barely resist.
The orc priest hits you with a +0 war axe!
* * * LOW HITPOINT WARNING * * *
Things that are here:
a +0 dagger; a kobold corpse
Things that are here:
a +0 club; a jackal corpse A jackal comes into view.
The jackal barks!
The orc priest invokes the aid of Beogh against you.
Pain shoots through your body!
You die...

......o#####
..........#
#...#.###)# ##.h.#
#)# ..... #.# #..#
#.## #..#####.)#####
#.....o.......#
##.@######.#####
........# #.#
#...###..# #.# ..
#..######.##### ...
#..#..........#
.#..###.........#####
#..
..>..............#
#.#
..........########
#.# #.#..###.###


You could see an orc priest and a jackal.

Vanquished Creatures
  A worm (D:2)
  A dart slug (D:2)
  4 leopard geckos
  2 orcs (D:3)
  5 bats
  3 giant cockroaches
  4 goblins
  4 hobgoblins
  12 jackals
  4 frilled lizards
  5 kobolds
  3 rats
48 creatures vanquished.

Notes
Turn   | Place    | Note
-------+----------+-------------------------------------------
     0 | Abyss:1  | Clowwww the Demonspawn Abyssal Knight began the quest for
                  | the Orb.
     0 | Abyss:1  | Reached XP level 1. HP: 18/18 MP: 2/2
    25 | Abyss:1  | Found a corrupted altar of Lugonu.
    41 | Abyss:1  | Noticed a large abomination
    75 | Abyss:1  | Noticed a tentacled starspawn
    76 | Abyss:1  | Noticed a raiju
    77 | D:1      | Escaped the Abyss
   390 | D:1      | Gained mutation: You are immune to rotting. [demonic
                  | ancestry]
   390 | D:1      | Reached XP level 2. HP: 24/24 MP: 3/3
   417 | D:1      | Reached * piety under Lugonu
  1070 | D:2      | Found a faded altar of an unknown god.
  1071 | D:2      | Reached XP level 3. HP: 29/29 MP: 5/5
  1259 | D:2      | Reached skill level 1 in Dodging
  2088 | D:3      | Found an ornate altar of the Wu Jian Council.
  2353 | D:3      | Killed from afar by an orc priest

Illustrated notes

Levels and vault maps discovered:
D:1:      minmay_arrival_hallway, layout_rooms
D:2:      layout_loops_cross, first_ration, chequers_ecumenical_altar_island
D:3:      layout_basic, marbit_many_paths, ebering_ghost_disaster_area

Skill      XL: |  1  2  3 |
---------------+----------+-----
Axes           | 2 |  2.6
Armour         | 2 |  2.1
Dodging        | 1 |  1.1
Fighting       | |  3.7
Stealth        | |  0.3
Invocations    | |  2.7

Action                   || total
-------------------------++-------
Melee: Hand axe          ||   153
Invok: Depart the Abyss  ||     1
 Stab: Sleeping          ||     3
       Distracted        ||     1
  Eat: Chunk             ||     5
Armor: Leather armour    ||    54
Dodge: Dodged            ||   111
